 Dungeon Crawl Stone Soup version 0.27.1-4-g1640c2035a (webtiles) character file.

Game seed: 8199232214981372363

196 VictoriousLee the Caller (level 5, -1/35 HPs)
             Began as a Barachi Summoner on Nov 5, 2021.
             Succumbed to a scorpion's poison
             ... on level 4 of the Dungeon.
             The game lasted 00:20:59 (4114 turns).

VictoriousLee the Caller (Barachi Summoner)         Turns: 4114, Time: 00:21:00

Health: -1/35      AC:  3    Str: 10    XL:     5   Next: 74%
Magic:  3/8        EV: 12    Int: 16    God:
Gold:   146        SH:  0    Dex: 12    Spells: 2/8 levels left

rFire    . . .     SeeInvis .   m - +2 dagger (holy)
rCold    . . .     Faith    .   (no shield)
rNeg     . . .     Spirit   .   a - +0 robe
rPois    .         Reflect  .   (no helmet)
rElec    .         Harm     .   v - +0 cloak
rCorr    .         Rampage  .   (no gloves)
Will     .....                  (no boots)
Stlth    ++........             (no amulet)
HPRegen  0.11/turn              (no ring)
MPRegen  0.11/turn              (no ring)

@: lethally poisoned (-1 -> -9), unable to hop, attractive, slow
A: amphibious, slowness 1, strong legs 1, +LOS
a: Hop


You were on level 4 of the Dungeon.
You visited 1 branch of the dungeon, and saw 4 of its levels.

You collected 146 gold pieces.

Inventory:

Hand Weapons
 g - a +0 dagger
 j - a +0 dagger of venom
 m - a +2 dagger of holy wrath (weapon)
Missiles
 c - 28 arrows
 k - 126 stones
 l - 15 bolts
Armour
 a - a +0 robe (worn)
 d - a +0 leather armour
 v - a +0 cloak (worn)
Jewellery
 o - an amulet of guardian spirit
 q - a ring of protection from fire
Scrolls
 b - a scroll of enchant armour {unknown}
 e - a scroll of amnesia {unknown}
 f - a scroll of torment {unknown}
 p - 3 scrolls of enchant weapon {unknown}
 r - a scroll of teleportation {unknown}
 t - a scroll of fear {unknown}
 u - a scroll of vulnerability {unknown}
 w - a scroll of magic mapping {unknown}
Potions
 h - a potion of mutation
 n - a potion of flight


   Skills:
 - Level 2.1 Dodging
 - Level 1.7 Stealth
 - Level 2.1 Spellcasting
 - Level 6.0 Summonings
 + Level 4.8 Air Magic


You had 2 spell levels left.
You knew the following spells:

 Your Spells              Type           Power      Damage    Failure   Level
a - Summon Small Mammal   Summ           80%        N/A       1%          1
b - Call Imp              Summ           20%        N/A       2%          2
c - Call Canine Familiar  Summ           20%        N/A       5%          3

Your spell library contained the following spells:

 Spells                   Type           Power      Damage    Failure   Level
 Summon Guardian Golem    Hex/Summ       11%        N/A       19%         3
 Summon Lightning Spire   Summ/Air       19%        N/A       22%         4
 Gell's Gravitas          Tloc           0%         N/A       52%         3
 Lesser Beckoning         Tloc           0%         N/A       52%         3
 Teleport Other           Tloc           1%         N/A       52%         3


Dungeon Overview and Level Annotations

Branches:
Dungeon (4/15)
 Temple: D:4-7

Altars:
Yredelemnul
The Shining One


Innate Abilities, Weirdness & Mutations

You are amphibious.
You cover ground slowly.
You can hop short distances.
You have an extended range of vision and can be seen from far away.


Message History

The scorpion stings you!
You are poisoned.
The scorpion poisons you!
Your shadow imp barely misses the scorpion.
The scorpion stings you.
You are more poisoned.
The scorpion poisons you!
You feel very sick.
Your crimson imp hits the scorpion.
You feel very sick.
Your crimson imp completely misses the scorpion.
Casting: Call Imp (safe; 2% risk of failure)
Press: ? - help, Q - select action, (/) - cycle Dir - look around, f - activate A beastly little devil appears in a puff of flame.
You feel very sick. The scorpion stings you!
* * * LOW HITPOINT WARNING * * *
Your crimson imp completely misses the scorpion.
You feel much better.
You feel very sick.
The scorpion stings you but does no damage.
Your crimson imp hits the scorpion but does no damage.
The scorpion stings you!
You are lethally poisoned!
The scorpion poisons you!
* * * LOW HITPOINT WARNING * * *
You feel very sick.
Your crimson imp hits the scorpion.
Your crimson imp hits the scorpion but does no damage.
It was a potion of attraction.
You feel attractive to monsters.
* * * LOW HITPOINT WARNING * * *
You feel very sick.
The scorpion stings you but does no damage.
Your crimson imp hits the scorpion.
* * * LOW HITPOINT WARNING * * *
You feel very sick.
Your crimson imp hits the scorpion but does no damage.
The scorpion stings you but does no damage.
You die...

##.# ####### #.###.# ...#
#.....# #.# #.# ####
#.....# #.###.# # #...<.#
#.....# # #.....#
#####.### ### #.....#
#.......## ..# ###)###
#........# #.# #####.###
#..##.#..# #.###.......#
#@.#..#..#
......###.#.####..#.##..#
#.##.............s#.##..#
#.........#.###..55.....#
####........#
#.###5#########
####.####.###
#..5..###...... .....#
#.# ##........# ######
#.# #.#####..# #.# #.#
....


You could see a scorpion (ally target), 2 friendly crimson imps and a friendly
shadow imp (summoned).

Vanquished Creatures
  An orc wizard (D:2)
  An adder (D:3)
  A worm (D:2)
  A dart slug (D:3)
  An orc (D:4)
  4 ball pythons
  A bat (D:1)
  2 endoplasms
  A giant cockroach (D:2)
  4 goblins
  A hobgoblin (D:1)
  2 jackals (D:2)
  2 quokkas
  A frilled lizard (D:2)
  3 kobolds
  A rat (D:2)
27 creatures vanquished.

Vanquished Creatures (collateral kills)
  A human (D:3)
  An iguana (D:4)
  3 adders (D:3)
  2 worms
  A dart slug (D:1)
  3 orcs
  2 bats (D:1)
  3 endoplasms
  3 giant cockroaches
  A goblin (D:1)
  A hobgoblin (D:1)
  3 jackals (D:2)
  2 quokkas (D:1)
  3 ball pythons
  3 frilled lizards
  A goblin skeleton (D:3)
  2 kobolds (D:2)
  2 rats
37 creatures vanquished.

Grand Total: 64 creatures vanquished

Notes
Turn   | Place    | Note
-------+----------+-------------------------------------------
     0 | D:1      | VictoriousLee the Barachi Summoner began the quest for the
                  | Orb.
     0 | D:1      | Reached XP level 1. HP: 13/13 MP: 3/3
    78 | D:1      | Reached skill level 5 in Summonings
   502 | D:1      | Reached XP level 2. HP: 19/19 MP: 3/5
   520 | D:1      | Learned a level 2 spell: Call Imp
  1530 | D:2      | Reached XP level 3. HP: 21/24 MP: 6/6
  1554 | D:2      | Reached skill level 6 in Summonings
  1806 | D:2      | Reached XP level 4. HP: 21/30 MP: 3/7
  2126 | D:2      | Learned a level 3 spell: Call Canine Familiar
  2662 | D:3      | Found a faded altar of an unknown god.
  3227 | D:3      | Found a runed translucent door.
  3227 | D:3      | Noticed a human
  3230 | D:3      | Found a basalt altar of Yredelemnul.
  3260 | D:3      | Killed a human
  3261 | D:3      | Reached XP level 5. HP: 35/35 MP: 6/8
  3467 | D:3      | Found a glowing golden altar of the Shining One.
  4113 | D:4      | HP: 1/35 [poisoned by a scorpion]
  4114 | D:4      | Succumbed to a scorpion's poison

Illustrated notes

Levels and vault maps discovered:
D:1:      scummos_arrival_simple_fountains, layout_loops_ring
D:2:      minmay_general_purpose_star, layout_basic
D:3:      layout_basic, nicolae_tso_carved_into_rock, dk_yredelemnul_ordeal,
          ebering_ecumenical_altar_mist
D:4:      layout_loops_cross, zin_angel, serial_shops, shop_statue

Skill      XL: |  1  2  3  4 |
---------------+-------------+-----
Summonings     | 5 6 |  6.0
Air Magic      | 2 4 |  4.8
Dodging        | |  2.1
Stealth        | |  1.7
Spellcasting   | |  2.1

Action                   |  1- 3 |  4- 6 || total
-------------------------+-------+-------++-------
Melee: Dagger            |    74 |    75 ||   149
       Unarmed           |     3 |       ||     3
 Cast: Summon Small Mamm |     9 |       ||     9
       Call Imp          |    11 |    27 ||    38
       Call Canine Famil |       |     2 ||     2
 Abil: Hop               |       |     2 ||     2
  Use: Scroll            |       |     4 ||     4
       Potion            |       |     3 ||     3
 Stab: Distracted        |     1 |       ||     1
       Sleeping          |       |     1 ||     1
Armor: Robe              |    15 |    13 ||    28
Dodge: Dodged            |    68 |    43 ||   111
